 Dungeon Crawl Stone Soup version 0.25-a0-346-g140ab784a8 (webtiles) character file.

Game seed: 3294891021800549652, levelgen mode: classic

3607 EnegeticOcto the Magician (level 9, -2/70 (71) HPs)
             Began as a Demigod Wizard on Dec 31, 2019.
             Slain by a hippogriff (7 damage)
             ... on level 7 of the Dungeon.
             The game lasted 00:15:43 (10811 turns).

EnegeticOcto the Magician (Demigod Wizard)         Turns: 10811, Time: 00:15:43

HP:   -2/70 (71)    AC:  3    Str: 10    XL:     9   Next: 56%
MP:   2/22          EV: 14    Int: 28    God:
Gold: 597           SH:  0    Dex: 14    Spells: 9/20 levels left

rFire    . . .     SeeInvis .   d - +4 dagger (venom)
rCold    + . .     Gourm    .   (no shield)
rNeg     . . .     Faith    .   a - +0 robe
rPois    .         Spirit   .   v - +1 hat
rElec    .         Reflect  .   (no cloak)
rCorr    .         Harm     .   (no gloves)
MR       .....                  (no boots)
Stlth    ++........             (no amulet)
HPRegen  0.21/turn              q - ring of protection from cold
MPRegen  0.18/turn              (no ring)

@: no status effects
A: high mp 1
a: no special abilities


You were on level 7 of the Dungeon.
You were not hungry.

You visited 1 branch of the dungeon, and saw 7 of its levels.
You also visited: Ossuary.

You collected 597 gold pieces.

Inventory:

Hand Weapons
 d - a +4 dagger of venom (weapon)
Missiles
 g - a throwing net (quivered) {!f}
Armour
 a - a +0 robe (worn)
 v - a +1 hat (worn)
Jewellery
 q - a ring of protection from cold (left hand)
Scrolls
 c - 4 scrolls of amnesia
 h - 5 scrolls of teleportation {@r3 !r}
 i - 2 scrolls of remove curse {@r2}
 t - a scroll of random uselessness {unknown}
 u - a scroll of fog {unknown}
 y - a scroll of enchant armour {unknown}
Potions
 f - a potion of berserk rage
 j - 4 potions of lignification {@q6}
 k - a potion of brilliance {unknown}
 l - a potion of heal wounds {unknown}
 m - a potion of haste {unknown}
 n - 4 potions of flight
 o - 2 potions of agility {@q5 !q}
 p - 3 potions of might {@q3 !q}
 r - 4 potions of curing {@q1 !q}
 s - 2 potions of magic {unknown}
 w - a potion of mutation
 x - 2 potions of degeneration {unknown}
Comestibles
 b - 8 chunks of flesh
 e - 6 rations


   Skills:
 - Level 4.1 Fighting
 + Level 4.8 Dodging
 - Level 1.7 Stealth
 + Level 6.2 Spellcasting
 + Level 5.5 Conjurations
 - Level 4.4 Summonings
 - Level 4.2 Translocations
 - Level 3.0 Air Magic
 - Level 3.0 Poison Magic


You had 9 spell levels left.
You knew the following spells:

 Your Spells              Type           Power        Failure   Level  Hunger
a - Magic Dart            Conj           ####         1%          1    None
b - Call Imp              Summ           ####....     1%          2    None
c - Mephitic Cloud        Conj/Pois/Air  ####....     3%          3    None
d - Conjure Flame         Conj/Fire      ###.....     5%          3    None
Y - Blink                 Tloc           N/A          1%          2    None

Your spell library contained the following spells:

 Spells                   Type           Power        Failure   Level  Hunger
 Slow                     Hex            #.......     9%          2    None


Dungeon Overview and Level Annotations

Branches:
Dungeon (7/15)             Temple (0/1) D:7         Ossuary (visited)


Innate Abilities, Weirdness & Mutations

You have an increased reservoir of magic. (+10% MP)


Message History

The orc is almost dead.
The orc barely misses you.
The orc warrior hits you from afar with a +0 trident.
Casting: Magic Dart (safe; 1% risk of failure)
Confirm with . or Enter, or press ? or * to list all spells.
Aiming: Magic Dart (safe; 1% risk of failure)
Press: ? - help, Shift-Dir - straight line, f/p - orc warrior
Aim: an orc warrior, wielding a +0 trident and wearing a +0 chain mail (almost dead, poisoned)
The magic dart hits the orc.
You kill the orc!
The orc warrior hits you from afar with a +0 trident!
Casting: Magic Dart (safe; 1% risk of failure)
Confirm with . or Enter, or press ? or * to list all spells.
Aiming: Magic Dart (safe; 1% risk of failure)
Press: ? - help, Shift-Dir - straight line, f/p - orc warrior
Aim: an orc warrior, wielding a +0 trident and wearing a +0 chain mail (almost dead, poisoned)
The magic dart hits the orc warrior.
You kill the orc warrior!
You are feeling hungry.
Casting: Magic Dart (safe; 1% risk of failure)
Confirm with . or Enter, or press ? or * to list all spells.
You can't see any susceptible monsters within range! (Use Z to cast anyway.)
Casting: Magic Dart (safe; 1% risk of failure)
Confirm with . or Enter, or press ? or * to list all spells.
You can't see any susceptible monsters within range! (Use Z to cast anyway.) Eating one of 9 chunks of flesh.
You eat one of the 9 chunks of flesh.
This raw flesh tastes terrible.
A hippogriff comes into view.
A hippogriff is nearby!
A hippogriff is nearby!
Casting: Magic Dart (safe; 1% risk of failure)
Confirm with . or Enter, or press ? or * to list all spells.
Aiming: Magic Dart (safe; 1% risk of failure)
Press: ? - help, Shift-Dir - straight line, f - hippogriff
Aim: a hippogriff (hasn't noticed you)
The magic dart hits the hippogriff.
The hippogriff is lightly wounded.
The hippogriff screeches!
There is a stone staircase leading up here.
Casting: Magic Dart (safe; 1% risk of failure)
Confirm with . or Enter, or press ? or * to list all spells.
Aiming: Magic Dart (safe; 1% risk of failure)
Press: ? - help, Shift-Dir - straight line, f/p - hippogriff
Aim: a hippogriff (lightly wounded)
The magic dart hits the hippogriff.
The hippogriff is lightly wounded.
Casting: Magic Dart (safe; 1% risk of failure)
Confirm with . or Enter, or press ? or * to list all spells.
Aiming: Magic Dart (safe; 1% risk of failure)
Press: ? - help, Shift-Dir - straight line, f/p - hippogriff
Aim: a hippogriff (lightly wounded)
The magic dart hits the hippogriff.
The hippogriff is lightly wounded.
Casting: Magic Dart (safe; 1% risk of failure)
Confirm with . or Enter, or press ? or * to list all spells.
Aiming: Magic Dart (safe; 1% risk of failure)
Press: ? - help, Shift-Dir - straight line, f/p - hippogriff
Aim: a hippogriff (lightly wounded)
The magic dart hits the hippogriff.
The hippogriff is moderately wounded.
Casting: Magic Dart (safe; 1% risk of failure)
Confirm with . or Enter, or press ? or * to list all spells.
Aiming: Mephitic Cloud (safe; 3% risk of failure)
Press: ? - help, Shift-Dir - straight line, f/p - hippogriff
Aim: a hippogriff (moderately wounded)
The ball explodes into a vile cloud!
The stinking cloud engulfs the hippogriff but does no damage.
The hippogriff is moderately wounded.
You hear an angry hiss.
The hippogriff is engulfed in noxious fumes.
You hit the hippogriff.
The hippogriff is poisoned.
The hippogriff is moderately wounded.
The hippogriff is engulfed in noxious fumes.
The hippogriff appears confused.
You hit the hippogriff but do no damage.
The hippogriff looks as sick as possible!
The hippogriff is moderately wounded.
A steam dragon comes into view.
The hippogriff is engulfed in noxious fumes.
You hit the hippogriff.
The hippogriff is heavily wounded.
The hippogriff bites you! The hippogriff pecks you.
The hippogriff closely misses you. The steam dragon breathes steam at you.
The ball of steam hits you!
You hit the hippogriff.
The hippogriff looks as sick as possible!
The hippogriff is severely wounded.
You are engulfed in a cloud of scalding steam.
The hippogriff misses you. The hippogriff barely misses you.
The hippogriff closely misses you.
You are engulfed in a cloud of scalding steam.
* * * LOW HITPOINT WARNING * * *
The hippogriff seems less confused.
There is a stone staircase leading up here.
You are engulfed in a cloud of scalding steam.
* * * LOW HITPOINT WARNING * * *
The hippogriff is engulfed in a cloud of scalding steam.
The hippogriff bites you!
You die...

####.######..#...#
#......##........## ..#
##5##...#.........## ...#
####..............## ...# #
##....#.........##... #
##..###.........#.. ## #..#
#>........## .## ##..#
#..§H.....## ## ..# ##...#
##.@..D§...#...
..###....### ##..[)......#
...##......######.......###
.....######...####.).....#
...### #.....#.)÷.........#
#### ##....###..#........#
# #..... ##...........
##....# ##........^. #....#
##.....)...


You could see a hippogriff and a steam dragon.

Vanquished Creatures
  A hippogriff (D:7)
  6 yaks (D:6)
  A necrophage (D:5)
  An ice beast (D:7)
  2 sky beasts
  2 orc warriors
  4 ogres
  A bullfrog (D:6)
  3 scorpions
  2 killer bees (D:7)
  A wight (D:6)
  A howler monkey (D:6)
  3 electric eels (D:6)
  3 centaur zombies
  4 crimson imps
  4 hounds
  A gnoll shaman (D:6)
  A centaur skeleton (D:6)
  A bullfrog skeleton (D:6)
  A jelly (D:6)
  2 orc priests
  2 iguanas (D:4)
  2 orc wizards
  A worker ant (D:3)
  2 mummies (Ossuary)
  5 adders
  7 gnolls
  A shadow imp (D:6)
  An adder skeleton (D:6)
  A worm (D:3)
  4 dart slugs (D:1)
  5 leopard geckos
  19 orcs
  6 giant cockroaches
  4 gnoll zombies (Ossuary)
  5 goblins (D:1)
  4 hobgoblins
  4 jackals (D:6)
  2 quokkas
  A ball python (D:3)
  4 bats
  6 frilled lizards
  A hobgoblin zombie (Ossuary)
  A jackal zombie (D:6)
  7 kobolds
  A kobold zombie (Ossuary)
  A quokka skeleton (D:6)
  A quokka zombie (D:6)
  9 rats
152 creatures vanquished.

Vanquished Creatures (collateral kills)
  A hippogriff (D:7)
  An eye of draining (D:6)
  A bullfrog (D:7)
  A killer bee (D:7)
  6 mummies (Ossuary)
  An adder skeleton (D:6)
  A hobgoblin zombie (Ossuary)
  A kobold zombie (Ossuary)
13 creatures vanquished.

Grand Total: 165 creatures vanquished

Notes
Turn   | Place    | Note
-------+----------+-------------------------------------------
     0 | D:1      | EnegeticOcto the Demigod Wizard began the quest for the
                  | Orb.
     0 | D:1      | Reached XP level 1. HP: 14/14 MP: 6/6
    11 | D:1      | Reached skill level 1 in Conjurations
   233 | D:1      | Reached XP level 2. HP: 20/20 MP: 0/8
   612 | D:1      | Learned a level 2 spell: Blink
   615 | D:1      | Learned a level 2 spell: Call Imp
   892 | D:1      | Reached XP level 3. HP: 22/26 MP: 2/9
  1613 | D:2      | Reached skill level 3 in Spellcasting
  1843 | D:2      | Found a radiant altar of Vehumet.
  1971 | D:3      | Learned a level 3 spell: Mephitic Cloud
  2099 | D:3      | Reached XP level 4. HP: 33/33 MP: 8/11
  2772 | D:3      | Found a glowing golden altar of the Shining One.
  3090 | D:4      | Reached XP level 5. HP: 35/38 MP: 1/13
  3534 | D:4      | Reached skill level 4 in Spellcasting
  3605 | D:4      | Found an ornate altar of the Wu Jian Council.
  3667 | D:4      | Noticed an ogre
  3683 | D:4      | Killed an ogre
  3923 | D:4      | Reached XP level 6. HP: 45/45 MP: 8/16
  4027 | D:4      | Reached skill level 5 in Spellcasting
  4778 | D:4      | Found a burning altar of Makhleb.
  4778 | D:4      | Noticed a cacodemon
  4810 | D:4      | Reached skill level 1 in Fighting
  4810 | D:4      | Reached skill level 1 in Air Magic
  4810 | D:4      | Reached skill level 1 in Poison Magic
  5137 | D:5      | Entered Level 5 of the Dungeon
  5176 | D:5      | Reached XP level 7. HP: 36/51 MP: 7/18
  5181 | D:5      | Learned a level 3 spell: Conjure Flame
  5309 | D:5      | Found a sand-covered staircase.
  5334 | Ossuary  | Entered an ossuary
  6171 | D:5      | Found a sacrificial altar of Ru.
  6340 | D:5      | Found a stormy altar of Qazlal.
  6732 | D:6      | Found a glowing silver altar of Zin.
  7093 | D:6      | Reached skill level 1 in Summonings
  7121 | D:6      | Reached XP level 8. HP: 48/60 MP: 6/19
  7475 | D:6      | Reached skill level 1 in Translocations
  7675 | D:6      | Found a hazy altar of Hepliaklqana.
  8431 | D:6      | Reached XP level 9. HP: 14/67 MP: 0/20
  9923 | D:7      | Reached skill level 5 in Conjurations
 10327 | D:7      | Reached skill level 6 in Spellcasting
 10408 | D:7      | Found a staircase to the Ecumenical Temple.
 10811 | D:7      | Slain by a hippogriff

Levels and vault maps discovered:
D:1:      psy_arrival_terrarium, layout_loops_ring
D:2:      layout_rooms, marbit_many_paths, hex_medium
D:3:      layout_basic, tso_oasis_becter, first_ration,
          minmay_misc_feat_ornament
D:4:      layout_basic, nicolae_overflow_crystal_walls,
          makhleb_altar_promises_db, minivault_11
D:5:      layout_rooms, lemuel_crystal_altar, overflow_temple_1_default,
          enter_ossuary_3, minmay_misc_feat_enclosed
D:6:      layout_loops_ring, zin_treasury, kennysheep_little_box, serial_bayou,
          serial_bayou_pond_d, serial_bayou_pond_e, serial_bayou_ford_a,
          serial_bayou_lake_a, serial_bayou_pond_b, patterned_corridor
D:7:      layout_cave_pods, grunt_temple_overflow_bloody_war,
          minmay_temple_entry_fiery, nemelex_dance_club_becter

Skill      XL: |  1  2  3  4  5  6  7  8  9 |
---------------+----------------------------+-----
Conjurations   | 2 3 4 5 |  5.5
Spellcasting   | 3 4 5 6 |  6.2
Dodging        | 2 3 4 |  4.8
Fighting       | 1 2 4 |  4.1
Air Magic      | 1 3 |  3.0
Poison Magic   | 1 3 |  3.0
Summonings     | 3 4 |  4.4
Translocations | 4 |  4.2
Stealth        | |  1.7

Action                   |  1- 3 |  4- 6 |  7- 9 || total
-------------------------+-------+-------+-------++-------
Melee: Dagger            |     1 |    13 |    64 ||    78
 Cast: Magic Dart        |   106 |   117 |   356 ||   579
       Mephitic Cloud    |       |     3 |    10 ||    13
       Call Imp          |       |       |    22 ||    22
       Conjure Flame     |       |       |     6 ||     6
  Use: Scroll            |     1 |     8 |     7 ||    16
       Potion            |       |     1 |       ||     1
 Stab: Confused          |       |       |     2 ||     2
  Eat: Chunk             |     3 |     6 |     8 ||    17
       Ration            |       |     1 |     3 ||     4
Armor: Robe              |     1 |     3 |    15 ||    19
Dodge: Dodged            |    13 |    31 |   110 ||   154

Table legend:
 A = Non-vault XP
 B = Vault XP
 C = Vault XP percentage of total XP
 D = Non-vault monster count
 E = Vault monster count
 F = Vault count percentage of total count
                 A         B        C        D         E       F
            +---------+---------+-------+---------+---------+-------
      Total |    4747 |     407 |   7.9 |     143 |      22 |  13.3
            +---------+---------+-------+---------+---------+-------
        D:1 |      51 |       0 |   0.0 |      26 |       0 |   0.0
        D:2 |      48 |       1 |   2.0 |      16 |       1 |   5.9
        D:3 |     115 |       0 |   0.0 |      13 |       0 |   0.0
        D:4 |     571 |       0 |   0.0 |      18 |       0 |   0.0
        D:5 |     440 |       0 |   0.0 |      10 |       0 |   0.0
        D:6 |    2368 |     309 |  11.5 |      43 |       5 |  10.4
        D:7 |    1154 |       0 |   0.0 |      17 |       0 |   0.0
    Ossuary |       0 |      97 | 100.0 |       0 |      16 | 100.0
            +---------+---------+-------+---------+---------+-------
